 Dungeon Crawl Stone Soup version 0.31-a0-978-g1e143483b6 (webtiles) character file.

Game seed: 15807298170613944166

12412 Pooter the Severer (level 11, -7/102 HPs)
             Began as a Minotaur Berserker on Oct 31, 2023.
             Was an Elder of Trog.
             Mangled by an ogre
             ... wielding a +0 giant spiked club
              (19 damage)
             ... on level 2 of the Orcish Mines.
             The game lasted 01:01:16 (11580 turns).

Pooter the Severer (Minotaur Berserker)            Turns: 11580, Time: 01:01:17

Health: -7/102     AC: 18    Str: 24    XL:     11   Next: 62%
Magic:  10/10      EV: 11    Int:  6    God:    Trog [****..]
Gold:   726        SH:  0    Dex: 10    Spells: 10/10 levels left

rFire   . . .        a - +0 battleaxe
rCold   . . .        (shield currently unavailable)
rNeg    . . .        o - +1 ring mail {Will+}
rPois   .            (helmet restricted)
rElec   .            p - +2 cloak
rCorr   .            G - +1 pair of gloves
SInv    +            r - +0 pair of boots
Will    +++..        y - amulet of the acrobat Stlth
                     S - ring of see invisible
HPRegen 1.37/turn    K - +4 ring of protection
MPRegen 0.12/turn

%: acrobat
@: strong-willed, on berserk cooldown, regenerating, hasted and slowed
A: horns 2, retaliatory headbutt, mutation resistance 1
a: Renounce Religion, Berserk, Trog's Hand, Brothers in Arms


You were on level 2 of the Orcish Mines.
You worshipped Trog.
Trog was greatly pleased with you.
You visited 2 branches of the dungeon, and saw 11 of its levels.
You also visited: Sewer.

You collected 990 gold pieces.
You spent 264 gold pieces at shops.

Inventory:

Hand Weapons
 a - a +0 battleaxe (weapon)
   (You took it off an orc warrior on level 9 of the Dungeon)
 b - a +0 arbalest
   (You took it off an orc warrior on level 2 of the Orcish Mines)
 v - a +0 trident
   (You took it off an orc on level 5 of the Dungeon)
 H - a +4 quarterstaff of chaos
   (You took it off Crazy Yiuf on level 2 of the Dungeon)
 J - a +0 war axe
   (You took it off an orc on level 5 of the Dungeon)
 N - the +1 dire flail of the Unkillable {venom, Dex+2}
   (You took it off a two-headed ogre on level 6 of the Dungeon)

   Dex+2:     It affects your dexterity (+2).
 O - a +0 morningstar
   (You took it off a wight on level 9 of the Dungeon)
 R - a +0 war axe of freezing
   (You took it off Harold on level 1 of the Orcish Mines)
Missiles
 g - 18 poisoned darts (quivered)
 i - a boomerang
 P - 3 throwing nets {!f}
 Q - 59 stones
Armour
 d - a +0 plate armour
   (You found it on level 1 of the Dungeon)
 o - a +1 ring mail of willpower (worn)
   (You found it on level 3 of the Dungeon)
 p - a +2 cloak (worn)
   (You took it off Crazy Yiuf on level 2 of the Dungeon)
 r - a +0 pair of boots (worn)
   (You found it on level 3 of the Dungeon)
 G - a +1 pair of gloves (worn)
   (You found it on level 1 of the Dungeon)
 I - a +0 ring mail of poison resistance
   (You took it off an orc priest on level 1 of the Orcish Mines)
 T - a +2 scale mail of cold resistance
   (You took it off Harold on level 1 of the Orcish Mines)
Jewellery
 y - an amulet of the acrobat (around neck)
   (You found it on level 2 of the Orcish Mines)
 K - a +4 ring of protection (right hand)
   (You found it on level 6 of the Dungeon)
 S - a ring of see invisible (left hand)
   (You found it on level 3 of the Dungeon)
Wands
 f - a wand of flame (20)
   (You found it on level 6 of the Dungeon)
 A - a wand of polymorph (11)
   (You found it on level 4 of the Dungeon)
 C - a wand of quicksilver (12)
   (You found it on level 5 of the Dungeon)
Scrolls
 e - 2 scrolls of revelation
 h - a scroll of blinking
 j - 2 scrolls of fog
 k - a scroll of silence
 t - 10 scrolls of teleportation {@r4}
 x - 2 scrolls of noise {!r}
 F - 2 scrolls of fear
Potions
 c - a potion of might {unknown}
 l - a potion of invisibility {unknown}
 m - a potion of degeneration {unknown}
 n - 3 potions of attraction {!q}
 q - a potion of resistance {unknown}
 s - a potion of haste {@q3}
 u - a potion of ambrosia {unknown}
 z - 3 potions of curing {@q1}
 B - a potion of brilliance {unknown}
 D - 3 potions of mutation {!q}
 E - a potion of magic {unknown}
 L - a potion of lignification {!q}
 M - a potion of cancellation {unknown}


   Skills:
 + Level 11.1 Fighting
 * Level 15.0 Axes
 * Level 10.5 Ranged Weapons
 - Level 7.0 Armour
 - Level 2.1 Dodging


You had 10 spell levels left.
You didn't know any spells.
Your spell library was empty.

Dungeon Overview and Level Annotations

Branches:
Dungeon (9/15) Zot: 26662  Temple (0/1) D:7             Orc (2/2) D:9 Zot: 8807
    Elf (0/3) Orc:2         Sewer (visited)
   Lair: D:8-11

Altars:
Elyvilon
Fedhas
Hepliaklqana
Makhleb
Trog
Xom
Yredelemnul
Zin
The Shining One

Shops:
D:3 !


Innate Abilities, Weirdness & Mutations

You have a pair of horns on your head.
You reflexively headbutt those who attack you in melee.
You are somewhat resistant to further mutation.


Message History

As you read the scroll of blinking, it crumbles to dust.
The orc priest calls upon Beogh to heal the orc warrior.
The orc warrior is healed somewhat.
As you read the scroll of fear, it crumbles to dust.
You assume a fearsome visage.
The ogre looks frightened!
The orc priest looks frightened!
The orc warrior looks frightened!
You feel much better.
The orc priest looks encouraged for a moment.
An orc comes into view. It is wielding a +0 dagger.
The orc shouts!
An orc priest comes into view. It is wielding a +0 whip.
An orc warrior comes into view. It is wielding a +0 dire flail.
The orc moves out of view.
An orc warrior comes into view.
It is wielding a +0 long sword of holy wrath.
As you read the scroll of teleportation {@r4}, it crumbles to dust.
You feel strangely unstable.
The orc warrior shouts!
The orc warrior unwields a +0 dire flail.
The orc warrior wields a +0 arbalest.
The orc warrior shoots a bolt.
The bolt hits you.
* * * LOW HITPOINT WARNING * * *
You hear a shout!
You feel yourself speed up.
The orc warrior shoots a bolt.
The bolt hits you but does no damage.
The orc priest invokes the aid of Beogh against you.
Beogh smites you!
* * * LOW HITPOINT WARNING * * *
The orc warrior shoots a bolt.
The bolt misses you.
Your surroundings suddenly seem different.
A warg, an orc and an ogre come into view.
The orc is wielding a +0 flail and carrying a wand of polymorph.
Found a potion of haste.
The warg howls!
The orc shouts!
The ogre shouts!
You hear a shout! x2
Your skin crawls.
You feel strong-willed. The warg closely misses you.
You barely miss the warg. You headbutt the warg. The warg bites you.
* * * LOW HITPOINT WARNING * * *
The warg barely misses you.
You slice the warg!!
You headbutt the warg, but do no damage.
An ogre comes into view. It is wielding a +0 giant club.
The warg completely misses you.
You barely miss the warg. You barely miss the ogre. The warg barely misses you.
The ogre barely misses you.
You slash the warg! Your headbutt misses the warg. You barely miss the orc.
You slash the ogre! The warg barely misses you.
The orc hits you but does no damage. The warg bites you but does no damage.
The ogre hits you with a +0 giant spiked club!!
You die...

#...)).##....o..##o.....##...
#..)((.....)..o.......##
###..))...8.8.......###
#####..)..)...##### ##
######'###### ..#...##.##..!#
# #.#...##.# ... #
#.##'###.###h##.# #
#..........#@o..#
#..))##'##.#.O..#
#..#...)#...#.#....#
#..'....#%..# ....O'.
#..####.#####.####.#..#
####..........# .# ##
#####.####.....# ' #
.'....#..#..⌠..#
.####.'..#)....###


You could see a warg, 2 ogres and an orc.

Vanquished Creatures
  Harold (Orc:1)
  3 two-headed ogres
  An orc high priest (Orc:2)
  The ghost of Maxmaps the Covert, a novice OpMo (D:6)
  Pikel (D:6)
  2 orc sorcerers (Orc:2)
  A troll (Orc:2)
  Grinder (D:6)
  A wyvern (D:9)
  A wraith (D:6)
  A steam dragon (D:7)
  3 wargs
  2 water moccasins (D:8)
  19 orc warriors
  4 black bears
  A sky beast (D:7)
  12 ogres
  2 ice beasts
  A centaur (D:8)
  3 lemures (D:6)
  A phantom (D:6)
  A kobold brigand (Sewer)
  A gnoll sergeant (D:9)
  3 scorpions
  A bullfrog (D:7)
  12 wights
  8 killer bees
  11 orc priests
  3 jellies (D:5)
  4 hounds
  A gnoll bouda (Orc:2)
  Crazy Yiuf (D:2)
  Jessica (D:3)
  4 iguanas
  16 orc wizards
  Robin (D:2)
  2 gnolls
  7 adders
  A river rat (Sewer)
  7 worms
  2 dart slugs
  81 orcs
  7 ball pythons
  7 bats
  8 endoplasms
  3 giant cockroaches
  11 goblins
  6 hobgoblins
  6 jackals
  3 quokkas
  A frilled lizard (D:1)
  14 kobolds
  10 rats
306 creatures vanquished.

Vanquished Creatures (others)
  A scorpion (D:5)
  An adder (D:5)
2 creatures vanquished.

Grand Total: 308 creatures vanquished

Notes
Turn   | Place    | Note
-------+----------+-------------------------------------------
     0 | D:1      | Pooter the Minotaur Berserker began the quest for the Orb.
     0 | D:1      | Reached XP level 1. HP: 19/19 MP: 0/0
    85 | D:1      | Reached skill level 4 in Axes
   160 | D:1      | Reached XP level 2. HP: 27/27 MP: 1/1
   882 | D:2      | Noticed Robin
   887 | D:2      | Reached XP level 3. HP: 32/33 MP: 2/2
   891 | D:2      | Killed Robin
   891 | D:2      | Reached ** piety under Trog
  1043 | D:2      | Reached skill level 5 in Axes
  1083 | D:2      | Reached XP level 4. HP: 41/41 MP: 3/3
  1098 | D:2      | Found a glowing golden altar of the Shining One.
  1339 | D:2      | Found a runed translucent door.
  1340 | D:2      | Noticed Crazy Yiuf
  1348 | D:2      | Killed Crazy Yiuf
  1638 | D:3      | Reached XP level 5. HP: 30/47 MP: 4/4
  1962 | D:3      | Found a hazy altar of Hepliaklqana.
  1963 | D:3      | Noticed Jessica
  1968 | D:3      | Killed Jessica
  1969 | D:3      | Reached skill level 6 in Axes
  1976 | D:3      | Reached skill level 5 in Fighting
  2032 | D:3      | Reached *** piety under Trog
  2211 | D:3      | Found a blossoming altar of Fedhas.
  2277 | D:3      | Found Anixuicw's Distillery.
  2284 | D:3      | Bought a potion of heal wounds for 55 gold pieces
  2284 | D:3      | Bought a potion of mutation for 88 gold pieces
  2458 | D:4      | Gained mutation: You occasionally shout uncontrollably at
                  | your foes. [potion of mutation]
  2458 | D:4      | Gained mutation: Your flesh is heat resistant. (rF+)
                  | [potion of mutation]
  2459 | D:4      | Lost mutation: You occasionally shout uncontrollably at
                  | your foes. [potion of mutation]
  2459 | D:4      | Lost mutation: Your flesh is heat resistant. (rF+) [potion
                  | of mutation]
  2459 | D:4      | Gained mutation: Your spells are a little easier to cast,
                  | but a little less powerful. [potion of mutation]
  2459 | D:4      | Gained mutation: You have sharp toenails. [potion of
                  | mutation]
  2459 | D:4      | Gained mutation: You expend magic power (3 MP) to
                  | strengthen your wands. [potion of mutation]
  2460 | D:4      | Lost mutation: You expend magic power (3 MP) to strengthen
                  | your wands. [potion of mutation]
  2460 | D:4      | Lost mutation: You have sharp toenails. [potion of
                  | mutation]
  2460 | D:4      | Lost mutation: Your spells are a little easier to cast, but
                  | a little less powerful. [potion of mutation]
  2460 | D:4      | Gained mutation: You are somewhat resistant to further
                  | mutation. [potion of mutation]
  2490 | D:4      | Reached XP level 6. HP: 56/56 MP: 5/5
  2840 | D:5      | Entered Level 5 of the Dungeon
  2844 | D:5      | Noticed an ice beast
  2852 | D:5      | Killed an ice beast
  2853 | D:5      | Reached skill level 7 in Axes
  2938 | D:5      | Reached XP level 7. HP: 60/62 MP: 6/6
  2987 | D:5      | Reached skill level 5 in Armour
  3134 | D:5      | You fall into a shaft and drop 3 floors!
  3298 | D:7      | Found a staircase to the Ecumenical Temple.
  3561 | D:7      | Reached skill level 8 in Axes
  3634 | D:7      | Noticed a steam dragon
  3641 | D:7      | Killed a steam dragon
  3645 | D:7      | Reached XP level 8. HP: 48/71 MP: 7/7
  3780 | D:6      | Found a glowing drain.
  3802 | D:6      | Reached skill level 9 in Axes
  3824 | Sewer    | Entered a sewer
  4495 | D:6      | Found a basalt altar of Yredelemnul.
  4495 | D:6      | Found a bloodstained altar of Trog.
  4496 | D:6      | Found a white marble altar of Elyvilon.
  4516 | D:6      | Noticed Grinder
  4544 | D:6      | Killed Grinder
  4545 | D:6      | Reached skill level 10 in Axes
  5168 | D:5      | Found a burning altar of Makhleb.
  5257 | D:5      | Reached skill level 1 in Ranged Weapons
  5672 | D:5      | Found a shimmering altar of Xom.
  5928 | D:6      | Reached XP level 9. HP: 81/81 MP: 8/8
  5934 | D:6      | Noticed Pikel
  5944 | D:6      | Killed Pikel
  5945 | D:6      | Reached skill level 11 in Axes
  6021 | D:6      | Found a transporter.
  6423 | D:6      | Found a transporter.
  6424 | D:6      | Noticed Maxmaps's ghost (novice OpMo)
  6427 | D:6      | Identified the +1 dire flail of the Unkillable {venom,
                  | Dex+2}
  6427 | D:6      | Noticed a two-headed ogre
  6514 | D:6      | Killed a two-headed ogre
  6515 | D:6      | Reached skill level 5 in Ranged Weapons
  6518 | D:6      | Killed Maxmaps's ghost
  6519 | D:6      | Reached skill level 12 in Axes
  6519 | D:6      | Reached XP level 10. HP: 60/91 MP: 9/9
  7271 | D:3      | Bought a potion of mutation for 88 gold pieces
  7271 | D:3      | Bought a potion of lignification for 33 gold pieces
  8102 | D:8      | Found a glowing silver altar of Zin.
  8267 | D:9      | Reached skill level 13 in Axes
  8452 | D:9      | Reached **** piety under Trog
  8490 | D:9      | Found a staircase to the Orcish Mines.
  8512 | Gauntlet | Identified the "Ydischik"
  8512 | Orc:1    | Entered Level 1 of the Orcish Mines
  8800 | Orc:2    | Entered Level 2 of the Orcish Mines
  8860 | Orc:2    | Noticed a two-headed ogre
  8868 | Orc:1    | Reached skill level 10 in Fighting
  8942 | Orc:2    | Noticed a two-headed ogre
  8950 | Orc:1    | Killed a two-headed ogre
  8951 | Orc:1    | Killed a two-headed ogre
  8954 | Orc:1    | Reached XP level 11. HP: 28/100 MP: 10/10
  9511 | Orc:1    | Reached skill level 14 in Axes
  9810 | Orc:1    | Noticed Harold
  9829 | Orc:1    | Killed Harold
 10056 | Orc:1    | Noticed Maurice
 10058 | Orc:1    | Maurice changed into Maurice the scorpion
 10058 | Orc:1    | Noticed Maurice
 10064 | Orc:1    | Killed Maurice the scorpion
 11218 | Orc:2    | Found a staircase to the Elven Halls.
 11270 | Orc:2    | Noticed an orc sorcerer
 11270 | Orc:2    | Noticed an orc sorcerer
 11271 | Orc:2    | Noticed a sixfirhy
 11285 | Orc:2    | Noticed a soul eater
 11294 | Orc:2    | Killed an orc sorcerer
 11295 | Orc:2    | Reached skill level 10 in Ranged Weapons
 11305 | Orc:2    | Killed an orc sorcerer
 11541 | Orc:2    | Noticed an orc high priest
 11563 | Orc:2    | Killed an orc high priest
 11564 | Orc:2    | Reached skill level 15 in Axes
 11566 | Orc:2    | HP: 1/102 [orc priest/divine providence (16)]
 11580 | Orc:2    | Mangled by an ogre

Illustrated notes

Levels and vault maps discovered:
D:1:      psy_arrival_terrarium, layout_loops_ring
D:2:      layout_rooms, basic_altar, uniq_crazy_yiuf_cottage, uniq_robin
D:3:      layout_loops_ring, mainiacjoe_overflow_concentric_impassable,
          mainiacjoe_overflow_alcove_4, serial_shops, nicolae_lakefront_shop,
          corexii_shack, uniq_jessica
D:4:      layout_rooms
D:5:      layout_rooms, general_overflow_altar, tgw_xom
D:6:      layout_cave_pods, chequers_temple_overflow_statue_of_worship,
          gammafunk_ghost_smash, portal_sewer_entry_a, uniq_pikel, uniq_grinder
D:7:      layout_loops_ring, minmay_temple_entry_mist
D:8:      layout_cave_pods, zin_treasury
D:9:      layout_roguey, tgw_sif, orc_0_dummy, chequers_serial_rivers_small_3
Orc:1:    layout_diamond_mine, uniq_maurice, uniq_harold
Orc:2:    pubby_orc_utopia

Skill      XL: |  1  2  3  4  5  6  7  8  9 10 11 |
---------------+----------------------------------+-----
Axes           | 4 5 6 7 8 10 12 13 15 | 15.0
Fighting       | 4 5 6 7 9 10 11 | 11.1
Armour         | 3 4 5 7 |  7.0
Ranged Weapons | 2 6 8 10 | 10.5
Dodging        | |  2.1

Action                     |  1- 3 |  4- 6 |  7- 9 | 10-12 || total
---------------------------+-------+-------+-------+-------++-------
  Melee: Hand axe          |    83 |    16 |       |       ||    99
         Headbutt          |     7 |    15 |    22 |    50 ||    94
         Punch             |     1 |       |       |       ||     1
         Quarterstaff      |       |    78 |    76 |       ||   154
         War axe           |       |       |    41 |       ||    41
         Dire flail        |       |       |       |    84 ||    84
         Battleaxe         |       |       |       |   192 ||   192
   Fire: Sling             |     7 |    38 |    66 |       ||   111
         Shortbow          |       |       |    25 |    24 ||    49
         Orcbow            |       |       |       |    47 ||    47
         Arbalest          |       |       |       |    41 ||    41
  Throw: Dart              |       |       |    17 |    14 ||    31
 Invoke: Trog's Hand       |       |     4 |     4 |    13 ||    21
         Berserk           |       |     1 |     8 |    15 ||    24
  Evoke: Wand              |       |       |     4 |     3 ||     7
    Use: Scroll            |       |     5 |     5 |     7 ||    17
         Potion            |       |     3 |       |     3 ||     6
 Armour: Plate armour      |    61 |    41 |       |       ||   102
         Animal skin       |     3 |       |       |       ||     3
         Ring mail         |       |    60 |   149 |   280 ||   489
  Dodge: Dodged            |    39 |    78 |   100 |   184 ||   401

Table legend: (Time is in decaauts)
 A = Elapsed time spent in this place.
 B = Non-inter-level travel time spent in this place.
 C = Inter-level travel time spent in this place.
 D = Time resting spent in this place.
 E = Time spent auto-exploring this place.
 F = Levels seen in this place.
 G = Mean time per level.
                   A        B        C        D        E       F      G
               +--------+--------+--------+--------+--------+-----+--------+
         Total |  11985 |  11502 |    483 |   3563 |   5000 |  12 |  998.8 |
       Dungeon |   8144 |   7676 |    468 |   1703 |   4199 |   9 |  904.9 |
  Orcish Mines |   3191 |   3176 |     15 |   1756 |    448 |   2 | 1595.5 |
         Sewer |    648 |    648 |      0 |    103 |    353 |   1 |  648.0 |
               +--------+--------+--------+--------+--------+-----+--------+

Top non-repeatable levels by time:
     D:6: 1827 daAuts
   Orc:2: 1691 daAuts
   Orc:1: 1500 daAuts
     D:5: 1125 daAuts
     D:3: 1011 daAuts
     D:7: 1010 daAuts
     D:1: 854 daAuts
     D:8: 827 daAuts
   Sewer: 648 daAuts
     D:2: 631 daAuts
     D:4: 520 daAuts
     D:9: 337 daAuts
